 Dungeon Crawl Stone Soup version 0.29-a0-323-g050149af67 (webtiles) character file.

Game seed: 17260184175423183582

3675 Iscandelvey the Conjurer (level 9, -6/57 HPs)
             Began as a Demonspawn Fire Elementalist on Apr 11, 2022.
             Was an Initiate of Gozag.
             Mangled by a cyclops (17 damage)
             ... on level 8 of the Dungeon.
             The game lasted 00:36:30 (10585 turns).

Iscandelvey the Conjurer (DsFE)                    Turns: 10585, Time: 00:36:30

Health: -6/57      AC:  9    Str: 12    XL:     9   Next: 89%
Magic:  13/18      EV: 13    Int: 26    God:    Gozag
Gold:   971        SH:  0    Dex: 14    Spells: 18/21 levels left

rFire   . . .      SeeInvis .   u - +4 spear of Uskayaw, Changing {vorpal, rElec rCorr Str+3}
rCold   . . .      Faith    .   (no shield)
rNeg    + . .      Spirit   .   N - +1 leather armour {Will+}
rPois   .          Reflect  .   (no helmet)
rElec   +          Harm     .   o - +0 cloak
rCorr   +          Rampage  .   L - +0 pair of gloves
Will    +....                   (no boots)
Stlth   +++.......              (no amulet)
HPRegen 0.19/turn               C - +6 ring of intelligence
MPRegen 0.16/turn               I - ring "Quozummi" {rN+ rCorr}

@: no status effects
A: slimy green scales 2, foul stench 1, demonic magic 2, demonic touch 2
a: Renounce Religion, Potion Petition, Call Merchant, Bribe Branch


You were on level 8 of the Dungeon.
You worshipped Gozag.
Gozag was pleased with you.
You visited 2 branches of the dungeon, and saw 9 of its levels.

You collected 1035 gold pieces.
You paid 64 gold pieces to Gozag.

Inventory:

Hand Weapons
 c - a +0 hunting sling
 e - a +2 dagger of venom
 h - a +2 dagger of speed
 i - a +2 dagger of draining
 u - the +4 spear of Uskayaw, Changing (weapon) {vorpal, rElec rCorr Str+3}
   (You found it on level 3 of the Dungeon)

   It inflicts extra damage upon your enemies.
   Str:       It affects your strength (+3).
   rElec:     It insulates you from electricity.
   rCorr:     It protects you from acid and corrosion.
 D - the +5 quarterstaff of the Well-Known Gods {vorpal, rElec Str+4 Dex+3 Stlth+}
   (You found it on level 5 of the Dungeon)

   It inflicts extra damage upon your enemies.
   Str:       It affects your strength (+4).
   Dex:       It affects your dexterity (+3).
   rElec:     It insulates you from electricity.
   Stlth:     It makes you more stealthy.
 J - a +2 hand axe of flaming
Missiles
 n - 19 poisoned darts (quivered)
 K - 3 throwing nets
 P - 3 atropa-tipped darts
Armour
 a - a +0 robe
 l - a +0 leather armour
 o - a +0 cloak (worn)
 E - a +2 leather armour of cold resistance
 L - a +0 pair of gloves (worn)
 N - a +1 leather armour of willpower (worn)
Magical Staves
 g - a staff of conjuration
Jewellery
 C - a +6 ring of intelligence (left hand)
 I - the ring "Quozummi" (right hand) {rN+ rCorr}
   (You took it off an orc on level 6 of the Dungeon)

   [ring of resist corrosion]

   rN:        It protects you from negative energy.
   rCorr:     It protects you from acid and corrosion.
 M - a ring of protection from fire
Wands
 v - a wand of digging (5)
 x - a wand of acid (14)
 F - a wand of iceblast (8)
Scrolls
 f - 4 scrolls of magic mapping {unknown}
 j - 6 scrolls of identify {unknown}
 m - a scroll of vulnerability {unknown}
 p - 2 scrolls of fog {unknown}
 r - 3 scrolls of teleportation {unknown}
 s - 2 scrolls of enchant armour {unknown}
 w - a scroll of fear {unknown}
 y - a scroll of torment {unknown}
 H - a scroll of immolation {unknown}
 R - 2 scrolls of amnesia {unknown}
Potions
 b - a potion of magic
 d - a potion of might {unknown}
 k - 2 potions of heal wounds {unknown}
 q - a potion of lignification {unknown}
 t - 2 potions of attraction {unknown}
 z - 3 potions of ambrosia {unknown}
 A - 2 potions of brilliance {unknown}
 B - 2 potions of cancellation {unknown}
 G - a potion of mutation {unknown}
 O - 3 potions of berserk rage {unknown}
 Q - a potion of haste {unknown}


   Skills:
 + Level 4.0 Armour
 + Level 4.6 Dodging
 + Level 5.0 Stealth
 * Level 6.5 Spellcasting
 * Level 6.9 Conjurations
 + Level 5.0 Fire Magic
 + Level 4.0 Evocations


You had 18 spell levels left.
You knew the following spells:

 Your Spells              Type           Power      Damage    Failure   Level
a - Foxfire               Conj/Fire      100%       2x1d9     1%          1
b - Scorch                Fire           68%        2d8       1%          2

Your spell library contained the following spells:

 Spells                   Type           Power      Damage    Failure   Level
 Conjure Flame            Conj/Fire      39%        6-21      2%          3
 Flame Wave               Conj/Fire      39%        2d9       7%          4
 Animate Skeleton         Necr           16%        N/A       9%          1
 Pain                     Necr           32%        1d5       9%          1
 Slow                     Hex            32%        N/A       9%          1
 Inner Flame              Hex/Fire       21%        N/A       9%          3
 Confusing Touch          Hex            8%         N/A       26%         3
 Ozocubu's Armour         Ice            8%         N/A       26%         3
 Vampiric Draining        Necr           8%         2d6       26%         3
 Metabolic Englaciation   Hex/Ice        4%         N/A       93%         5
 Simulacrum               Ice/Necr       4%         N/A       100%        6


Dungeon Overview and Level Annotations

Branches:
Dungeon (8/15)             Temple (1/1) D:4
   Lair: D:8-11

Altars:
Ashenzari
Cheibriados
Dithmenos
Elyvilon
Fedhas
Gozag
Hepliaklqana
Kikubaaqudgha
Makhleb
Nemelex Xobeh
Okawaru
Qazlal
Ru
Sif Muna
Trog
Uskayaw
Vehumet
Wu Jian
Xom
Yredelemnul
Zin
The Shining One

Shops:
D:2 (   D:3 (   D:7 [   D:8 [

Annotations:
D:8 exclusion: statue


Innate Abilities, Weirdness & Mutations

You are mostly covered in slimy green scales. (AC +3)
You may rarely emit foul miasma when damaged in melee.
Spells you cast may paralyse nearby enemies.
Your touch may inflict irresistible damage on your foes.


Message History

You see here a +1 trident of freezing.
You open the large door.
There is a large open door here.
A cyclops comes into view.
The cyclops shouts!
The cyclops throws a large rock.
The large rock hits you!!!
Ouch! That really hurt!
* * * LOW HITPOINT WARNING * * *
Casting: Scorch (safe; 1% risk of failure)
Confirm with . or Enter, or press ? or * to list all spells.
You can't see any susceptible monsters within range! (Use Z to cast anyway.)
The cyclops throws a large rock.
The large rock closely misses you.
You see here 21 gold pieces.
Unknown command.
Casting: Scorch (safe; 1% risk of failure)
Confirm with . or Enter, or press ? or * to list all spells.
Flames lash the cyclops.
The cyclops is lightly wounded.
The cyclops's fire resistance burns away.
Malevolent energies surge around you.
The cyclops throws a large rock.
The large rock closely misses you.
Casting: Scorch (safe; 1% risk of failure)
Confirm with . or Enter, or press ? or * to list all spells.
Flames lash the cyclops but do no damage.
Malevolent energies surge around you.
Casting: Scorch (safe; 1% risk of failure)
Confirm with . or Enter, or press ? or * to list all spells.
Flames lash the cyclops.
The cyclops is burned terribly!
The cyclops is heavily wounded.
Malevolent energies surge around you.
The cyclops suddenly stops moving!
The helpless cyclops fails to defend itself.
You hit the cyclops.
You touch the cyclops.
The cyclops is heavily wounded.
Unknown command.
The helpless cyclops fails to defend itself.
You hit the cyclops.
The cyclops is severely wounded.
The cyclops is no longer paralysed.
The cyclops hits you!
You die...
Your body crumbles into a pile of gold.

#.........# #.#.###.#.# .#
####.#.###.#.# #.#
...........#.# #.#
####.#.###...# #.#
####.#.# #.#.# #.#
.....#.# #.#.#++########.#
######.# #.#.#.........'.#
## #.# #.#.#.C@$.....'.#
.#####)###.#.###########.#
.........#.#.#.####.# #..#
.#####.#.#..........# #.##
## #.#.##.##.###### #.# .#
#.#.#).##.# #.# .#
#.#.#.###.# ##.# .#
#.#.......# #..# .#
#.###.##### ##.##


You could see a cyclops (combustible).

Vanquished Creatures
  Pikel (D:8)
  A steam dragon (D:7)
  Menkaure (D:5)
  2 vampire mosquitoes (D:8)
  2 water moccasins
  2 sky beasts (D:5)
  An ice beast (D:6)
  A black bear (D:7)
  A centaur (D:7)
  2 kobold brigands
  2 gnoll sergeants
  2 scorpions
  6 bullfrogs
  6 killer bees (D:7)
  4 howler monkeys
  A hound (D:4)
  8 orc priests
  2 jellies
  2 gnoll shamans
  Jessica (D:3)
  4 iguanas
  3 orc wizards
  4 adders
  14 gnolls
  An ufetubus (D:7)
  2 worms
  2 dart slugs
  16 orcs
  5 ball pythons
  8 endoplasms
  4 giant cockroaches
  8 goblins
  8 hobgoblins
  6 jackals
  14 kobolds
  2 quokkas
  7 bats
  5 frilled lizards
  7 rats
168 creatures vanquished.

Vanquished Creatures (others)
  68 foxfires
68 creatures vanquished.

Grand Total: 236 creatures vanquished

Notes
Turn   | Place    | Note
-------+----------+-------------------------------------------
     0 | D:1      | Iscandelvey the Demonspawn Fire Elementalist began the
                  | quest for the Orb.
     0 | D:1      | Reached XP level 1. HP: 13/13 MP: 3/3
   288 | D:1      | Gained mutation: Spells you cast may paralyse adjacent
                  | enemies. [demonic ancestry]
   288 | D:1      | Reached XP level 2. HP: 18/19 MP: 5/5
   310 | D:1      | Found a faded altar of an unknown god.
   825 | D:1      | Gained mutation: You are partially covered in slimy green
                  | scales. (AC +2) [demonic ancestry]
   825 | D:1      | Reached XP level 3. HP: 6/24 MP: 6/6
  1197 | D:1      | Learned a level 2 spell: Scorch
  1720 | D:2      | Found Cemas's Weapon Shop.
  2333 | D:2      | Gained mutation: Spells you cast may paralyse nearby
                  | enemies. [demonic ancestry]
  2333 | D:2      | Reached XP level 4. HP: 29/30 MP: 8/8
  3154 | D:3      | Noticed Jessica
  3159 | D:3      | Killed Jessica
  3290 | D:3      | Found a shadowy altar of Dithmenos.
  3350 | D:3      | Identified the +4 spear of Uskayaw, Changing {vorpal, rElec
                  | rCorr Str+3}
  3716 | D:3      | Found Poj Gonk's Antique Weapon Shoppe.
  3803 | D:3      | Reached skill level 1 in Armour
  3803 | D:3      | Gained mutation: You may rarely emit foul miasma when
                  | damaged in melee. [demonic ancestry]
  3803 | D:3      | Reached XP level 5. HP: 9/35 MP: 4/9
  4420 | D:4      | Found a staircase to the Ecumenical Temple.
  4484 | Temple   | Entered the Ecumenical Temple
  4489 | Temple   | Became a worshipper of Gozag Ym Sagoz the Greedy
  4751 | D:4      | Reached XP level 6. HP: 41/41 MP: 8/11
  5090 | D:5      | Entered Level 5 of the Dungeon
  5090 | D:5      | Noticed a sky beast
  5101 | D:5      | Killed a sky beast
  5282 | D:5      | Noticed an angel
  5284 | D:5      | Found a shimmering altar of Xom.
  5557 | D:5      | Reached skill level 1 in Evocations
  5612 | D:5      | Identified the +5 quarterstaff of the Well-Known Gods
                  | {vorpal, rElec Str+4 Dex+3 Stlth+}
  5886 | D:5      | Noticed Menkaure
  5927 | D:5      | Killed Menkaure
  5928 | D:5      | Gained mutation: Your touch may inflict minor irresistible
                  | damage on your foes. [demonic ancestry]
  5928 | D:5      | Reached XP level 7. HP: 23/46 MP: 5/13
  7204 | D:6      | Found a hide-covered altar of Uskayaw.
  7210 | D:6      | Found an iron altar of Okawaru.
  7327 | D:6      | Gained mutation: You are mostly covered in slimy green
                  | scales. (AC +3) [demonic ancestry]
  7327 | D:6      | Reached XP level 8. HP: 52/52 MP: 6/14
  7686 | D:6      | Identified the ring "Quozummi" {rN+ rCorr}
  8142 | D:7      | Reached skill level 5 in Conjurations
  8179 | D:7      | Found Lurphu Gown's Armour Boutique.
  8192 | D:7      | Reached skill level 5 in Spellcasting
  8508 | D:7      | Gained mutation: Your touch may inflict irresistible damage
                  | on your foes. [demonic ancestry]
  8508 | D:7      | Reached XP level 9. HP: 47/57 MP: 0/17
  8995 | D:7      | Found a stormy altar of Qazlal.
  9677 | D:8      | Found Baaruiqi's Antique Armour Shop.
 10282 | D:8      | Noticed Pikel
 10289 | D:8      | Killed Pikel
 10290 | D:8      | Reached skill level 5 in Stealth
 10413 | D:8      | Found a radiant altar of Vehumet.
 10428 | D:8      | Reached skill level 5 in Fire Magic
 10575 | D:8      | Noticed a cyclops
 10585 | D:8      | Mangled by a cyclops

Illustrated notes

Levels and vault maps discovered:
D:1:      nicolae_arrival_washed_ashore, layout_basic,
          chequers_ecumenical_altar_simple
D:2:      layout_basic, serial_forest, infiniplex_forest_end_3,
          infiniplex_forest_straight_1, infiniplex_forest_lined_corner,
          infiniplex_forest_lined_room_, infiniplex_forest_end_1,
          infiniplex_forest_straight_2, infiniplex_forest_lined_3_way,
          serial_shops, nicolae_shop_competitors_out_of_business,
          minmay_surrounded
D:3:      layout_loops_ring, nicolae_dithmenos_through_a_glass_darkly,
          serial_shops, nicolae_lakefront_shop, uniq_jessica
D:4:      layout_basic, minmay_temple_entry_slanted
D:5:      layout_basic, grunt_temple_overflow_order_and_chaos_1, uniq_menkaure
D:6:      layout_basic, mainiacjoe_overflow_large_starburst, skrybe_limestone_x
D:7:      cheibrodos_iron_armory, layout_rooms,
          mainiacjoe_overflow_small_starburst, serial_shops, shop,
          kennysheep_generic_room_14
D:8:      layout_loops_ring, vehumet_statue, serial_shops, shop,
          hellmonk_guarded_unrand_dark_maul, uniq_pikel
Temple:   minmay_freezing_vapour_temple

Skill      XL: |  1  2  3  4  5  6  7  8  9 |
---------------+----------------------------+-----
Stealth        | 2 3 4 5 |  5.0
Dodging        | 2 3 4 |  4.6
Conjurations   | 2 3 4 5 6 |  6.9
Spellcasting   | 3 4 5 6 |  6.5
Fire Magic     | 3 4 5 |  5.0
Armour         | 1 2 3 4 |  4.0
Evocations     | 1 2 3 4 |  4.0

Action                   |  1- 3 |  4- 6 |  7- 9 || total
-------------------------+-------+-------+-------++-------
Melee: Dagger            |    82 |    42 |       ||   124
       Spear             |       |    68 |   189 ||   257
       Punch             |       |     1 |     2 ||     3
       Touch             |       |       |    22 ||    22
 Fire: Hunting sling     |    49 |       |     4 ||    53
Throw: Dart              |       |       |     3 ||     3
 Cast: Foxfire           |    18 |     7 |    13 ||    38
       Scorch            |     2 |    26 |    77 ||   105
  Use: Potion            |       |       |     3 ||     3
 Stab: Sleeping          |     2 |     4 |     4 ||    10
       Paralysed         |       |     4 |    54 ||    58
       Distracted        |       |     1 |       ||     1
Armor: Robe              |    11 |       |       ||    11
       Leather armour    |    25 |    24 |    39 ||    88
Dodge: Dodged            |    98 |    38 |    76 ||   212

Table legend: (Time is in decaauts)
 A = Elapsed time spent in this place.
 B = Non-inter-level travel time spent in this place.
 C = Inter-level travel time spent in this place.
 D = Time resting spent in this place.
 E = Time spent auto-exploring this place.
 F = Levels seen in this place.
 G = Mean time per level.
                   A        B        C        D        E       F      G
               +--------+--------+--------+--------+--------+-----+--------+
         Total |  10647 |  10303 |    344 |   2441 |   6161 |   9 | 1183.0 |
       Dungeon |  10636 |  10292 |    344 |   2441 |   6161 |   8 | 1329.5 |
        Temple |     10 |     10 |      0 |      0 |      0 |   1 |   10.0 |
               +--------+--------+--------+--------+--------+-----+--------+

Top non-repeatable levels by time:
     D:5: 1995 daAuts
     D:1: 1681 daAuts
     D:8: 1365 daAuts
     D:3: 1215 daAuts
     D:2: 1143 daAuts
     D:7: 1114 daAuts
     D:4: 1065 daAuts
     D:6: 1054 daAuts
  Temple: 10 daAuts
